[Event "FIDE Open A - Konik"]
[Site "?"]
[Date "2013.05.02"]
[Round "6.14"]
[White "Závesický, Petr"]
[Black "Omamík, Pavel"]
[Result "1-0"]
[ECO "B30"]
[WhiteElo "1978"]
[BlackElo "2076"]
[PlyCount "61"]
[EventDate "2013.??.??"]
[TimeControl "6000+840"]
[WhiteClock "0:46:31"]
[BlackClock "0:35:09"]

1. e4 c5 2. Nf3 Nc6 3. c3 d5 4. exd5 Qxd5 5. d4 e5 6. dxe5 Qxd1+ 7. Kxd1 Bg4 8.
Be2 O-O-O+ 9. Nbd2 Bxf3 10. Bxf3 Nxe5 11. Kc2 Nf6 12. Ne4 Nxf3 13. Nxf6 gxf6
14. gxf3 Bd6 15. Be3 Rhg8 16. Rad1 a6 17. Rd5 Kc7 18. Bxc5 Bxc5 19. Rxc5+ Kb6
20. Rh5 Rge8 21. Rxh7 Re2+ 22. Kb3 Rdd2 23. Rb1 Ka5 24. Rxf7 b5 25. Rxf6 Rxf2
26. Ka3 b4+ 27. cxb4+ Kb5 28. Rc1 Rd3+ 29. Rc3 Rxc3+ 30. bxc3 Rxh2 31. Kb3 1-0

[Event "FIDE Open A - Konik"]
[Site "?"]
[Date "2013.05.02"]
[Round "6.15"]
[White "Didi, Jan"]
[Black "Richterová, Natasa"]
[Result "0-1"]
[ECO "B03"]
[WhiteElo "2053"]
[BlackElo "1954"]
[PlyCount "94"]
[EventDate "2013.??.??"]
[TimeControl "6000+1125"]
[WhiteClock "0:17:43"]
[BlackClock "0:41:51"]

1. e4 Nf6 2. e5 Nd5 3. c4 Nb6 4. d4 d6 5. exd6 cxd6 6. Nc3 g6 7. Nf3 Bg7 8. Be3
O-O 9. Rc1 Bg4 10. Be2 Nc6 11. b3 d5 12. c5 Nc8 13. O-O Bxf3 14. Bxf3 e6 15.
Qd2 N8e7 16. Ne2 Re8 17. g3 Rc8 18. Bg2 Nf5 19. f4 b6 20. Bf2 a6 21. b4 b5 22.
Rfd1 Ra8 23. a4 bxa4 24. Ra1 Qd7 25. g4 Nfe7 26. Nc3 Rab8 27. Nxa4 Rxb4 28. Nb6
Qb7 29. Bf1 a5 30. Rxa5 Bxd4 31. Ra3 Rb2 32. Qc1 Rxf2 33. Rxd4 Rxf1+ 34. Qxf1
Nxd4 35. Qd3 Ndc6 36. Qc3 d4 37. Qf3 Qc7 38. Nc4 Nc8 39. Ra8 Rf8 40. Ra6 Nb4
41. Ra5 Nd5 42. f5 Ne3 43. Rb5 Nxc4 44. f6 Qe5 45. h4 Qe1+ 46. Kh2 Qxh4+ 47.
Kg1 Ne5 0-1

[Event "FIDE Open A - Konik"]
[Site "?"]
[Date "2013.05.02"]
[Round "6.16"]
[White "Maltsev, Leonid"]
[Black "Zárský, Kamil"]
[Result "1-0"]
[ECO "B06"]
[WhiteElo "1989"]
[BlackElo "2033"]
[PlyCount "115"]
[EventDate "2013.??.??"]
[TimeControl "6000+765"]
[WhiteClock "0:04:03"]
[BlackClock "0:41:50"]

1. e4 g6 2. d4 c6 3. Nf3 Bg7 4. Be3 Qa5+ 5. c3 d6 6. h3 Nf6 7. Bd3 O-O 8. O-O
Nbd7 9. Nbd2 e5 10. dxe5 dxe5 11. b4 Qc7 12. Nb3 Rd8 13. Qe2 Nf8 14. Rfd1 Nh5
15. Bc2 Be6 16. Nc5 Rxd1+ 17. Bxd1 Nf4 18. Qf1 Rd8 19. Nxe6 N4xe6 20. Bb3 b6
21. Rd1 Bf6 22. Rxd8 Qxd8 23. Qd1 Qxd1+ 24. Bxd1 c5 25. a4 cxb4 26. cxb4 Nd7
27. Be2 Kf8 28. Bb5 Ke7 29. g3 Nc7 30. Bc4 Nb8 31. a5 Nd7 32. Bd3 Kd6 33. axb6
axb6 34. Ng5 Bxg5 35. Bxg5 Ne6 36. Be3 Nd4 37. Bc4 Ne6 38. Bb5 f6 39. Bxd7 Kxd7
40. Bxb6 Kc6 41. Be3 Kb5 42. Bd2 Nd4 43. Kg2 Nc6 44. Kf3 Nxb4 45. Bh6 Nc6 46.
Bg7 f5 47. exf5 gxf5 48. g4 Nd4+ 49. Ke3 fxg4 50. hxg4 h5 51. gxh5 Nf5+ 52. Ke4
Nxg7 53. h6 Ne6 54. Kxe5 Nf8 55. Kf6 Kc6 56. Kf7 Nh7 57. f4 Kd7 58. Kg7 1-0

[Event "FIDE Open A - Konik"]
[Site "?"]
[Date "2013.05.02"]
[Round "6.1"]
[White "Ling, Bronislav"]
[Black "Kolár, Stanislav"]
[Result "1-0"]
[ECO "E10"]
[WhiteElo "2003"]
[BlackElo "2139"]
[PlyCount "103"]
[EventDate "2013.??.??"]
[TimeControl "6000+935"]
[WhiteClock "0:02:09"]
[BlackClock "0:01:14"]

1. d4 Nf6 2. c4 e6 3. Nf3 Nc6 4. g3 d5 5. Bg2 Bb4+ 6. Bd2 Qe7 7. O-O Bxd2 8.
Nbxd2 O-O 9. e3 b6 10. Rc1 Bb7 11. a3 a5 12. Qc2 Rac8 13. Rfd1 Rfd8 14. cxd5
exd5 15. Bh3 Rb8 16. Qb3 Ra8 17. Rc3 Ne8 18. Rdc1 a4 19. Qc2 Rd6 20. Bf1 Ra5
21. Bd3 g6 22. Qd1 f5 23. Qe2 Na7 24. Ne5 c5 25. b4 axb3 26. Nxb3 Rxa3 27. dxc5
bxc5 28. Nxc5 Rxc3 29. Rxc3 Qxe5 30. Ra3 Bc6 31. Rxa7 Qc3 32. Qc2 Qe1+ 33. Kg2
d4+ 34. e4 fxe4 35. Bxe4 Bxe4+ 36. Nxe4 Re6 37. Ng5 Re7 38. Qc4+ Kf8 39. Qxd4
Rxa7 40. Qxa7 Nd6 41. Qxh7 Qb1 42. Qh8+ Ke7 43. Qg7+ Ke8 44. Qg8+ Kd7 45. Qe6+
Kc7 46. h4 Qc2 47. Qe7+ Kc6 48. Nf3 Qb1 49. Qe6 Kc5 50. Qe5+ Kc6 51. Nd4+ Kc7
52. Qe6 1-0

[Event "FIDE Open A - Konik"]
[Site "?"]
[Date "2013.05.02"]
[Round "6.2"]
[White "Trombík, Karel"]
[Black "Hastík, Svatopluk"]
[Result "1-0"]
[ECO "A45"]
[WhiteElo "2065"]
[BlackElo "2034"]
[PlyCount "105"]
[EventDate "2013.??.??"]
[TimeControl "6000+890"]
[WhiteClock "0:43:41"]
[BlackClock "0:29:47"]

1. d4 Nf6 2. Bg5 g6 3. Nd2 Bg7 4. e4 d6 5. c3 O-O 6. f4 h6 7. Bh4 c5 8. d5 Re8
9. Bd3 Nbd7 10. Ngf3 Nh5 11. Bg3 e6 12. dxe6 Rxe6 13. O-O Nxg3 14. hxg3 Re8 15.
Qc2 Nf6 16. Rae1 Ng4 17. Nh2 Nxh2 18. Kxh2 Bd7 19. Bc4 Bc6 20. Qd3 b5 21. Bxb5
Bxb5 22. Qxb5 Rb8 23. Qc6 Rxb2 24. Nc4 Rxa2 25. Nxd6 Re7 26. e5 Qa5 27. c4 Kh7
28. Qd5 Rd2 29. Qf3 Rxd6 30. Ra1 Qd8 31. exd6 Qxd6 32. Ra2 Bd4 33. f5 gxf5 34.
Qxf5+ Kg7 35. Rf4 Qc7 36. Ra6 f6 37. Rg4+ Kh8 38. Rxf6 Bxf6 39. Qxf6+ Rg7 40.
Rg6 Kg8 41. Qe6+ Qf7 42. Rxg7+ Kxg7 43. Qe5+ Kh7 44. Qxc5 a5 45. Qb5 Qa7 46. c5
a4 47. c6 a3 48. Qd3+ Kg7 49. Qc3+ Kf7 50. c7 a2 51. c8=Q a1=Q 52. Qf5+ Ke7 53.
Qfe5+ 1-0

[Event "FIDE Open A - Konik"]
[Site "?"]
[Date "2013.05.04"]
[Round "7.1"]
[White "Khaetsky, Roman"]
[Black "Simantsev, Mikhail"]
[Result "1/2-1/2"]
[ECO "B40"]
[WhiteElo "2426"]
[BlackElo "2449"]
[PlyCount "76"]
[EventDate "2013.??.??"]
[TimeControl "5400+1055"]
[WhiteClock "0:20:53"]
[BlackClock "0:02:47"]

1. e4 c5 2. Nf3 e6 3. c3 Nf6 4. e5 Nd5 5. d4 cxd4 6. cxd4 b6 7. Bc4 Ba6 8. Bxd5
exd5 9. Nc3 Bb4 10. Qb3 Bxc3+ 11. bxc3 Bc4 12. Qc2 Qe7 13. a4 Nc6 14. h4 h6 15.
h5 Qe6 16. Ba3 O-O-O 17. Nh4 d6 18. f4 dxe5 19. fxe5 f6 20. Qf5 Qxf5 21. Nxf5
fxe5 22. dxe5 Nxe5 23. Kd2 Bd3 24. Bd6 Nc4+ 25. Kxd3 Nxd6 26. Nxd6+ Rxd6 27.
Rae1 Rf8 28. Rhf1 Rxf1 29. Rxf1 Rd7 30. Kd4 Rc7 31. Rf3 Rc4+ 32. Kxd5 Rxa4 33.
Rf7 Ra5+ 34. Kd6 Kb8 35. g4 Rg5 36. Kc6 Rc5+ 37. Kd6 Rg5 38. Kc6 Rc5+ 1/2-1/2

[Event "FIDE Open A - Konik"]
[Site "?"]
[Date "2013.05.04"]
[Round "7.2"]
[White "Hausner, Ivan"]
[Black "Krejèí, Jan"]
[Result "1/2-1/2"]
[ECO "A40"]
[WhiteElo "2395"]
[BlackElo "2491"]
[PlyCount "82"]
[EventDate "2013.??.??"]
[TimeControl "6000+615"]
[WhiteClock "0:50:09"]
[BlackClock "0:11:42"]

1. d4 Nf6 2. c4 e6 3. g3 Bb4+ 4. Bd2 Qe7 5. Bg2 Nc6 6. Nf3 Bxd2+ 7. Nbxd2 d6 8.
e4 e5 9. d5 Nb8 10. O-O O-O 11. Ne1 a5 12. Nd3 b6 13. b3 Na6 14. a3 Nc5 15. Qc2
Bd7 16. b4 Nxd3 17. Qxd3 Ra7 18. Nb3 Ba4 19. bxa5 bxa5 20. c5 Bxb3 21. Qxb3 Nd7
22. c6 Nc5 23. Qb5 Raa8 24. Rab1 f5 25. exf5 Rxf5 26. Qc4 e4 27. Rb5 e3 28. Qe2
Rxf2 29. Rxf2 exf2+ 30. Qxf2 Rf8 31. Qd2 Qe5 32. Rb1 Re8 33. Rf1 Qe3+ 34. Qxe3
Rxe3 35. Rc1 Kf8 36. Kf2 Re8 37. Rb1 g5 38. Bh3 Kf7 39. Rb5 h5 40. Be6+ Nxe6
41. dxe6+ Kf6 1/2-1/2

[Event "FIDE Open A - Konik"]
[Site "?"]
[Date "2013.05.04"]
[Round "7.3"]
[White "Dolezal, Radoslav"]
[Black "Plát, Vojtech"]
[Result "1-0"]
[ECO "A04"]
[WhiteElo "2358"]
[BlackElo "2463"]
[PlyCount "91"]
[EventDate "2013.??.??"]
[TimeControl "6000+1395"]
[WhiteClock "0:25:39"]
[BlackClock "0:35:33"]

1. Nf3 b6 2. e3 Bb7 3. Be2 g6 4. O-O Bg7 5. d4 d6 6. c4 Nd7 7. Nc3 e6 8. b4 Ne7
9. Bb2 O-O 10. Qb3 a6 11. Rfd1 Nf5 12. a4 a5 13. bxa5 Rxa5 14. Nb5 d5 15. cxd5
exd5 16. Bc3 Ra8 17. Bd3 Qb8 18. Bxf5 gxf5 19. Bd2 Nf6 20. Bb4 Rc8 21. Nh4 c5
22. Bd2 f4 23. exf4 Ne4 24. Nf5 Bf8 25. Qf3 Rc6 26. Nc3 Nxd2 27. Rxd2 Qc8 28.
Qh5 Rg6 29. Ne2 Qd7 30. Ne3 Rxa4 31. Rxa4 Qxa4 32. f5 Rg7 33. h3 Bd6 34. g3 Qb4
35. Rd1 Qb3 36. Qh4 c4 37. Nf4 h6 38. Qd8+ Bf8 39. Nh5 Rg5 40. Nf6+ Kg7 41. h4
Rxg3+ 42. Kh2 c3 43. Re1 Qb2 44. Kxg3 c2 45. Nh5+ Kg8 46. Ng4 1-0

[Event "FIDE Open A - Konik"]
[Site "?"]
[Date "2013.05.04"]
[Round "7.4"]
[White "Plischki, Sebastian"]
[Black "Berzinsh, Roland"]
[Result "1/2-1/2"]
[ECO "A04"]
[WhiteElo "2389"]
[BlackElo "2411"]
[PlyCount "74"]
[EventDate "2013.??.??"]
[TimeControl "6000+1145"]
[WhiteClock "0:02:06"]
[BlackClock "0:08:48"]

1. Nf3 c5 2. c4 Nc6 3. Nc3 e5 4. g3 g6 5. Bg2 Bg7 6. a3 Nge7 7. O-O d6 8. d3
O-O 9. Rb1 Rb8 10. b4 b6 11. Bd2 h6 12. Ne1 Be6 13. Nc2 cxb4 14. axb4 d5 15. b5
Nd4 16. Ne3 dxc4 17. Nxc4 Rc8 18. e3 Ndf5 19. Qe2 Nd6 20. Nxd6 Qxd6 21. Ne4 Qd7
22. Bb4 Rfd8 23. Bxe7 Qxe7 24. Rfc1 Rxc1+ 25. Rxc1 Qa3 26. Rc3 Qa1+ 27. Qf1 Qb2
28. Rc7 Qxb5 29. Rxa7 Qxd3 30. Rc7 Qb3 31. Rc1 f5 32. Nc3 e4 33. Nb5 Rd2 34.
Qe1 Qb2 35. Rc6 Qxb5 36. Rxe6 Qd5 37. Bf1 Rd1 1/2-1/2

[Event "FIDE Open A - Konik"]
[Site "?"]
[Date "2013.05.04"]
[Round "7.5"]
[White "Zwardon, Vojtech"]
[Black "Minko, Vladimir"]
[Result "0-1"]
[ECO "A13"]
[WhiteElo "2417"]
[BlackElo "2252"]
[PlyCount "46"]
[EventDate "2013.??.??"]
[TimeControl "6000+355"]
[WhiteClock "1:16:03"]
[BlackClock "0:56:06"]

1. c4 e6 2. Nc3 d5 3. e3 c5 4. cxd5 exd5 5. d4 Nf6 6. Nf3 c4 7. Bd2 Nc6 8. b3
cxb3 9. axb3 Bd6 10. Bd3 Bg4 11. h3 Bh5 12. Qe2 O-O 13. O-O Re8 14. g4 Nxg4 15.
hxg4 Bxg4 16. Qd1 Qf6 17. Kg2 Nb4 18. Bb1 Bxf3+ 19. Qxf3 Qg5+ 20. Qg3 Bxg3 21.
fxg3 Qe7 22. Ra4 a5 23. Rf5 Qd7 0-1

[Event "FIDE Open A - Konik"]
[Site "?"]
[Date "2013.05.04"]
[Round "7.6"]
[White "Heinzel, Olaf"]
[Black "Karhánek, Pavel"]
[Result "1-0"]
[ECO "A45"]
[WhiteElo "2371"]
[BlackElo "2030"]
[PlyCount "65"]
[EventDate "2013.??.??"]
[TimeControl "6000+950"]
[WhiteClock "0:08:42"]
[BlackClock "0:02:34"]

1. d4 Nf6 2. Bf4 d6 3. e3 g6 4. h3 Bg7 5. Nf3 O-O 6. Be2 b6 7. O-O Bb7 8. a4 a6
9. Na3 Nbd7 10. c3 Ne4 11. Qb3 e5 12. Bh2 Qe7 13. Rad1 Kh8 14. Bc4 exd4 15.
cxd4 Ng5 16. Ne1 Nf6 17. Nac2 Rae8 18. Qd3 Be4 19. Qe2 Qd7 20. Bxa6 Qxh3 21. f3
Qh5 22. fxe4 Ng4 23. Bf4 Rxe4 24. Nf3 Ne6 25. Bg3 Bh6 26. Qb5 f5 27. Bb7 Rxe3
28. Rfe1 Nd8 29. Nxe3 Nxe3 30. Rd3 Nxb7 31. Rdxe3 Bxe3+ 32. Rxe3 f4 33. Re8 1-0

[Event "FIDE Open A - Konik"]
[Site "?"]
[Date "2013.05.04"]
[Round "7.8"]
[White "Kubeczka, Ales"]
[Black "Nguyen, Thai Dai Van"]
[Result "1/2-1/2"]
[ECO "E04"]
[WhiteElo "2032"]
[BlackElo "2132"]
[PlyCount "35"]
[EventDate "2013.??.??"]
[TimeControl "6000+1280"]
[WhiteClock "0:48:12"]
[BlackClock "0:22:28"]

1. Nf3 d5 2. c4 e6 3. d4 Nf6 4. g3 dxc4 5. Bg2 c5 6. O-O Nc6 7. dxc5 Qxd1 8.
Rxd1 Bxc5 9. Nbd2 c3 10. bxc3 e5 11. Nc4 Ne4 12. Kf1 f6 13. Be3 Bxe3 14. Nxe3
Nxc3 15. Rdc1 Nb5 16. a4 Nbd4 17. Nxd4 Nxd4 18. Nd5 1/2-1/2

[Event "FIDE Open A - Konik"]
[Site "?"]
[Date "2013.05.04"]
[Round "7.9"]
[White "Michenka, Jozef"]
[Black "Kozák, Milos"]
[Result "1-0"]
[ECO "E11"]
[WhiteElo "2355"]
[BlackElo "2175"]
[PlyCount "81"]
[EventDate "2013.??.??"]
[TimeControl "6000+940"]
[WhiteClock "0:00:57"]
[BlackClock "0:01:35"]

1. d4 Nf6 2. c4 e6 3. Nf3 Bb4+ 4. Nbd2 O-O 5. a3 Be7 6. e4 d5 7. e5 Nfd7 8. Bd3
c5 9. Qc2 h6 10. dxc5 a5 11. cxd5 exd5 12. Nb3 a4 13. Nbd4 Nxc5 14. Be2 Nc6 15.
O-O Bg4 16. Be3 Nxd4 17. Nxd4 Bxe2 18. Qxe2 Qd7 19. Rad1 Rfd8 20. Qh5 Bf8 21.
Nf5 Ra6 22. Rd4 Kh7 23. Nd6 Bxd6 24. Rxd5 Ne4 25. Qf3 f5 26. exd6 g6 27. Rfd1
Qg7 28. Qf4 Nf6 29. R5d2 Ne4 30. Rd3 Rd7 31. f3 Ng5 32. Qc4 Qf7 33. Qb4 Ne6 34.
Bd2 Nd8 35. Bc3 Nc6 36. Qh4 g5 37. Qf2 Ra8 38. Rd5 Re8 39. Qc2 Ne7 40. Re5 Ng6
41. Rxf5 1-0

[Event "FIDE Open A - Konik"]
[Site "?"]
[Date "2013.05.04"]
[Round "7.10"]
[White "Slanina, Miroslav"]
[Black "Zabystrzan, Pavel"]
[Result "0-1"]
[ECO "A43"]
[WhiteElo "2162"]
[BlackElo "2308"]
[PlyCount "62"]
[EventDate "2013.??.??"]
[TimeControl "6000+1605"]
[WhiteClock "0:00:59"]
[BlackClock "0:44:49"]

1. d4 c5 2. c3 cxd4 3. cxd4 d5 4. Nc3 Nf6 5. Nf3 Nc6 6. Bf4 a6 7. e3 Bg4 8. Be2
Bxf3 9. Bxf3 e6 10. O-O Bd6 11. Bxd6 Qxd6 12. a3 O-O 13. b4 b5 14. Qb3 Rfc8 15.
Rfc1 Nd7 16. Be2 Nb6 17. a4 bxa4 18. Nxa4 Nxb4 19. Nxb6 Qxb6 20. Rcb1 a5 21. g3
g6 22. Ra4 Rc6 23. Qa3 Ra7 24. Bd3 Qc7 25. Bb5 Rc2 26. Qa1 h5 27. Rbxb4 Rc1+
28. Qxc1 Qxc1+ 29. Kg2 Qc2 30. Bf1 axb4 31. Rxa7 b3 0-1

[Event "FIDE Open A - Konik"]
[Site "?"]
[Date "2013.05.04"]
[Round "7.11"]
[White "Kutynec, Vladimir"]
[Black "Blahynka, Martin"]
[Result "1/2-1/2"]
[ECO "A15"]
[WhiteElo "2290"]
[BlackElo "2155"]
[PlyCount "118"]
[EventDate "2013.??.??"]
[TimeControl "6000+1185"]
[WhiteClock "0:09:28"]
[BlackClock "0:02:56"]

1. c4 Nf6 2. g3 e5 3. Bg2 d5 4. cxd5 Nxd5 5. Nc3 Nb6 6. Nf3 Nc6 7. O-O Be7 8.
d3 O-O 9. Be3 Be6 10. d4 exd4 11. Nxd4 Nxd4 12. Bxd4 c5 13. Be5 Nc4 14. Bf4 g5
15. Bc1 Qxd1 16. Rxd1 Rad8 17. Nd5 Bxd5 18. Rxd5 Nb6 19. Rxd8 Rxd8 20. Bxb7
Rd1+ 21. Kg2 f5 22. e4 g4 23. h4 c4 24. exf5 Bb4 25. a4 Nd7 26. Ba6 Ne5 27. Bf4
Rxa1 28. Bxe5 Rc1 29. Bd4 c3 30. bxc3 Bxc3 31. Bxa7 Bb4 32. Be3 Rc2 33. Bd3 Rc3
34. Be2 h5 35. Bd4 Rc2 36. Bd1 Rd2 37. Bb3+ Kh7 38. Be3 Rd7 39. Be6 Rc7 40. Bb6
Rc6 41. a5 Bc5 42. Bf7 Bxb6 43. axb6 Kh6 44. b7 Rb6 45. Bd5 Kg7 46. f4 gxf3+
47. Bxf3 Rb2+ 48. Kh3 Kf6 49. Bxh5 Rxb7 50. Bg6 Rb2 51. Kg4 Rb3 52. Kf4 Rb4+
53. Kf3 Rb3+ 54. Kf2 Rb2+ 55. Kf1 Rb1+ 56. Kg2 Rb2+ 57. Kh3 Rb3 58. Kg4 Ra3 59.
Be8 Rxg3+ 1/2-1/2

[Event "FIDE Open A - Konik"]
[Site "?"]
[Date "2013.05.04"]
[Round "7.12"]
[White "Firt, Stanislav"]
[Black "Chromík, Tomás"]
[Result "1-0"]
[ECO "D45"]
[WhiteElo "2260"]
[BlackElo "1885"]
[PlyCount "64"]
[EventDate "2013.??.??"]
[TimeControl "6000+815"]
[WhiteClock "0:34:21"]
[BlackClock "0:30:59"]

1. Nf3 d5 2. c4 c6 3. d4 Nf6 4. Nc3 e6 5. e3 Nbd7 6. Qc2 Bd6 7. Bd2 O-O 8.
O-O-O dxc4 9. Bxc4 b5 10. Bd3 Bb7 11. Kb1 a6 12. e4 e5 13. dxe5 Bxe5 14. Nxe5
Nxe5 15. Be2 c5 16. Bg5 Qb6 17. f4 Nc6 18. Rd6 Qc7 19. Rxf6 Nd4 20. Qd2 gxf6
21. Bxf6 h6 22. Bd3 c4 23. Qe3 Ne6 24. Qg3+ Kh7 25. Bc2 Rg8 26. e5+ Rg6 27. Rd1
Nc5 28. Bxg6+ fxg6 29. Qe3 Re8 30. Nd5 Bxd5 31. Rxd5 Nd3 32. Qd4 Qb8 1-0

[Event "FIDE Open A - Konik"]
[Site "?"]
[Date "2013.05.04"]
[Round "7.13"]
[White "Kubík, Michael"]
[Black "Furman, Boris"]
[Result "1-0"]
[ECO "B64"]
[WhiteElo "2111"]
[BlackElo "2223"]
[PlyCount "53"]
[EventDate "2013.??.??"]
[TimeControl "6000+700"]
[WhiteClock "0:48:20"]
[BlackClock "0:40:22"]

1. e4 c5 2. Nf3 Nc6 3. d4 cxd4 4. Nxd4 Nf6 5. Nc3 d6 6. Bg5 e6 7. Qd2 Be7 8.
O-O-O O-O 9. f4 h6 10. Bh4 e5 11. Nf5 Bxf5 12. exf5 Qa5 13. Bc4 Nd4 14. Kb1
Nxf5 15. Bxf6 Bxf6 16. g4 Nh4 17. g5 hxg5 18. fxg5 Nf3 19. Qg2 Nxg5 20. h4 Ne6
21. Ne4 Kh8 22. Bxe6 fxe6 23. Qg6 Kg8 24. Ng5 Rfe8 25. Rdf1 Qd8 26. Qh7+ Kf8
27. Qh8+ 1-0

[Event "FIDE Open A - Konik"]
[Site "?"]
[Date "2013.05.04"]
[Round "7.14"]
[White "Rakús, Pavel"]
[Black "Veselý, Martin"]
[Result "1/2-1/2"]
[ECO "A05"]
[WhiteElo "2144"]
[BlackElo "2178"]
[PlyCount "45"]
[EventDate "2013.??.??"]
[TimeControl "6000+1655"]
[WhiteClock "0:43:03"]
[BlackClock "0:29:03"]

1. Nf3 Nf6 2. g3 d6 3. d4 Nbd7 4. c4 c6 5. Nc3 g6 6. Bg2 Bg7 7. O-O O-O 8. e4
e5 9. d5 cxd5 10. cxd5 Nc5 11. Qc2 a5 12. Be3 b6 13. Rfd1 Ng4 14. Bxc5 bxc5 15.
Nd2 f5 16. Nc4 f4 17. f3 Ba6 18. fxg4 Bxc4 19. Bf1 Bxf1 20. Rxf1 fxg3 21. hxg3
Qg5 22. Qe2 Rxf1+ 23. Rxf1 1/2-1/2

[Event "FIDE Open A - Konik"]
[Site "?"]
[Date "2013.05.04"]
[Round "7.15"]
[White "Krouzel, Jaroslav"]
[Black "Kociscák, Jiri"]
[Result "0-1"]
[ECO "A83"]
[WhiteElo "2153"]
[BlackElo "2424"]
[PlyCount "62"]
[EventDate "2013.??.??"]
[TimeControl "6000+1380"]
[WhiteClock "0:02:16"]
[BlackClock "0:13:35"]

1. d4 f5 2. e4 fxe4 3. Nc3 Nf6 4. Bg5 c6 5. f3 e3 6. Bxe3 d5 7. Bd3 e6 8. f4 b6
9. Nf3 Bd6 10. O-O O-O 11. Ne5 c5 12. Nb5 Be7 13. c3 Bb7 14. Rf3 a6 15. Rh3
Nbd7 16. f5 Ne4 17. Nxd7 Rxf5 18. dxc5 bxc5 19. Na3 d4 20. cxd4 Qxd7 21. Bxe4
Bxe4 22. dxc5 Qb7 23. Rg3 Rd8 24. Qb3 Qc6 25. Rc1 Rd3 26. Qb8+ Rf8 27. Qb6 Qd5
28. h3 Bh4 29. Rg4 Rxe3 30. Rxh4 Re2 31. Rg4 Qd2 0-1

[Event "FIDE Open A - Konik"]
[Site "?"]
[Date "2013.05.04"]
[Round "7.16"]
[White "Holemár, David"]
[Black "Bures, Martin"]
[Result "1/2-1/2"]
[ECO "A04"]
[WhiteElo "2285"]
[BlackElo "2147"]
[PlyCount "71"]
[EventDate "2013.??.??"]
[TimeControl "6000+880"]
[WhiteClock "0:03:53"]
[BlackClock "0:05:33"]

1. Nf3 g6 2. g3 Bg7 3. Bg2 b6 4. c4 Bb7 5. O-O c5 6. Nc3 Nf6 7. d4 cxd4 8. Qxd4
O-O 9. Qh4 d6 10. Bh6 Nbd7 11. Rac1 Rc8 12. b3 Rc5 13. Bxg7 Kxg7 14. Rfd1 Qa8
15. Qd4 Rfc8 16. Na4 R5c7 17. Qe3 Ne5 18. Nc3 Nxf3+ 19. Bxf3 Bxf3 20. exf3 Rc5
21. Rd4 Re5 22. Ne4 d5 23. cxd5 Rxc1+ 24. Qxc1 Rxd5 25. Rxd5 Qxd5 26. Qc3 e5
27. Nxf6 Kxf6 28. f4 Kf5 29. Qc8+ Kf6 30. Qh8+ Kf5 31. Qc8+ Kf6 32. fxe5+ Qxe5
33. Qh8+ Ke6 34. Qe8+ Kf6 35. Qh8+ Ke6 36. Qe8+ 1/2-1/2

[Event "FIDE Open A - Konik"]
[Site "?"]
[Date "2013.05.04"]
[Round "7.1"]
[White "Obrusnik, Michal"]
[Black "Lys, Josef"]
[Result "1/2-1/2"]
[ECO "C50"]
[WhiteElo "2243"]
[BlackElo "2137"]
[PlyCount "200"]
[EventDate "2013.??.??"]
[TimeControl "6000+1715"]
[WhiteClock "0:17:50"]
[BlackClock "0:01:09"]

1. e4 e5 2. Nf3 Nc6 3. Bc4 Be7 4. d4 d6 5. h3 Nf6 6. Nc3 O-O 7. O-O Nxe4 8.
Nxe4 d5 9. Bxd5 Qxd5 10. Nc3 Qa5 11. dxe5 Nxe5 12. Nxe5 Qxe5 13. Re1 Qd6 14.
Nd5 Bd8 15. Bf4 Qc5 16. Re5 Qc6 17. Qd3 Qg6 18. Ne7+ Bxe7 19. Rxe7 Qf6 20. Qe3
Qxb2 21. Be5 Qxc2 22. Rc1 Qg6 23. Rcxc7 Be6 24. Bd4 Bd5 25. f3 Bc6 26. h4 h6
27. Qe5 Rad8 28. Kh2 Rd5 29. Qf4 Rf5 30. Qe3 Qh5 31. Qe1 Rf4 32. Bf2 Qd5 33. a3
Ra4 34. Re3 Rxa3 35. Rxa3 Qd6+ 36. Kg1 Qxa3 37. Qe5 Re8 38. Qf4 Qa1+ 39. Kh2
Qe5 40. Qxe5 Rxe5 41. Bxa7 Re2 42. Kh3 h5 43. Bc5 Rb2 44. Kg3 Bd5 45. Rd7 Bc4
46. Ba3 Rb3 47. Bc5 b5 48. Kf4 Rb2 49. g4 hxg4 50. fxg4 Rg2 51. Kf3 Rc2 52. Bd4
Be2+ 53. Kf4 Rc4 54. g5 Bh5 55. Ke3 Rc1 56. Rb7 Re1+ 57. Kf4 Rf1+ 58. Ke3 Rf3+
59. Kd2 Rb3 60. Kc2 Rb4 61. Bc3 Rxh4 62. Rxb5 Kh7 63. Rb6 Bg6+ 64. Kd1 Rh1+ 65.
Ke2 Rh2+ 66. Kf1 Rc2 67. Bd4 Bd3+ 68. Kg1 Bf5 69. Rb2 Rc1+ 70. Kf2 Kg6 71. Kg3
Be6 72. Be3 Rh1 73. Rh2 Ra1 74. Rd2 Kf5 75. Rd4 Ra3 76. Kf3 g6 77. Rf4+ Ke5 78.
Re4+ Kd6 79. Kf4 Ra1 80. Rd4+ Bd5 81. Rd2 Rh1 82. Bd4 Rh4+ 83. Kg3 Re4 84. Rd3
Bc4 85. Rd2 Ke6 86. Bf6 Bd5 87. Rd4 Re3+ 88. Kf4 Rf3+ 89. Kg4 Rf1 90. Rf4 Rg1+
91. Kh4 Bb3 92. Rf3 Bc2 93. Kh3 Bd1 94. Rf4 Re1 95. Kg3 Re3+ 96. Kf2 Rd3 97.
Ke1 Bb3 98. Ke2 Rh3 99. Kf2 Bd5 100. Ke2 Bc6 1/2-1/2

[Event "FIDE Open A - Konik"]
[Site "?"]
[Date "2013.05.04"]
[Round "7.2"]
[White "Szotkowski, Jakub"]
[Black "Potomák, Vladimír"]
[Result "1-0"]
[ECO "E94"]
[WhiteElo "2135"]
[BlackElo "2187"]
[PlyCount "181"]
[EventDate "2013.??.??"]
[TimeControl "6000+835"]
[WhiteClock "0:05:09"]
[BlackClock "0:05:38"]

1. d4 Nf6 2. c4 g6 3. Nc3 Bg7 4. e4 d6 5. Nf3 O-O 6. Be2 e5 7. O-O Nbd7 8. dxe5
dxe5 9. Qc2 c6 10. a4 a5 11. b3 Re8 12. Ba3 Bf8 13. Bb2 Nc5 14. Rab1 Nfd7 15.
Nd1 Qb6 16. Bc3 Bg7 17. Ne3 Ne6 18. Rfd1 Nd4 19. Qb2 Nxe2+ 20. Qxe2 Nc5 21. Qc2
h5 22. h3 Qc7 23. b4 axb4 24. Bxb4 Ne6 25. Bc3 Nc5 26. a5 Be6 27. Bb4 Bf8 28.
Kh1 Red8 29. Rg1 f6 30. Kh2 Qh7 31. g4 g5 32. gxh5 Qxe4 33. Qxe4 Nxe4 34. Bxf8
Kxf8 35. Rxb7 Nd6 36. Rc7 Rxa5 37. Rxc6 Ke7 38. Rd1 Ra2 39. Kg1 Ra7 40. h6 Rad7
41. Nd5+ Bxd5 42. Rxd5 Rh8 43. Ra6 Rxh6 44. c5 Nf5 45. Rxd7+ Kxd7 46. Kg2 Ke7
47. Nh2 Rg6 48. Ng4 e4 49. Kf1 Nd4 50. Ra4 Ne6 51. Ra7+ Kd8 52. c6 Nc7 53. Ne3
f5 54. Nxf5 Rxc6 55. Ra4 Rf6 56. Rd4+ Ke8 57. Rxe4+ Kf7 58. Re7+ Kg6 59. Nh4+
gxh4 60. Rxc7 Ra6 61. Rc3 Ra4 62. Ke2 Kg5 63. Rc5+ Kg6 64. Kf3 Rb4 65. Re5 Rb2
66. Re2 Rb3+ 67. Kg4 Rb4+ 68. f4 Kf6 69. Ra2 Rc4 70. Ra6+ Kf7 71. Rh6 Kg7 72.
Ra6 Rb4 73. Kg5 Kf7 74. Ra7+ Kf8 75. f5 Ke8 76. Rh7 Kf8 77. Rxh4 Rb1 78. Kg6
Rg1+ 79. Rg4 Ra1 80. h4 Kg8 81. f6 Rf1 82. h5 Rf2 83. h6 Rf1 84. Rg5 Rf2 85.
h7+ Kh8 86. Rd5 Rg2+ 87. Kf7 Re2 88. Kf8 Re6 89. Kf7 Re2 90. Rd8+ Kxh7 91. Rd1
1-0

[Event "FIDE Open A - Konik"]
[Site "?"]
[Date "2013.05.04"]
[Round "7.3"]
[White "Taus, Martin"]
[Black "Leks, Maria"]
[Result "1-0"]
[ECO "D10"]
[WhiteElo "2169"]
[BlackElo "2091"]
[PlyCount "89"]
[EventDate "2013.??.??"]
[TimeControl "6000+1865"]
[WhiteClock "0:27:27"]
[BlackClock "0:37:31"]

1. d4 d5 2. c4 c6 3. cxd5 cxd5 4. Nc3 Nf6 5. Bf4 Nc6 6. e3 a6 7. Bd3 Qb6 8. Qb3
Qxb3 9. axb3 Nb4 10. Bb1 Bd7 11. Nf3 Nh5 12. Be5 f6 13. Bc7 g5 14. Ba5 e6 15.
g4 Ng7 16. h4 gxh4 17. Nxh4 Bd6 18. Ng6 Rg8 19. Rxh7 Nc6 20. Bb6 f5 21. Nb5
Bb4+ 22. Nc3 fxg4 23. Ke2 Ne7 24. Ne5 Bd6 25. Nxg4 Nh5 26. f3 Ng3+ 27. Kf2 Rf8
28. Ne5 Bxe5 29. dxe5 Ngf5 30. Bc5 Rg8 31. Bd3 Rc8 32. b4 Bc6 33. e4 dxe4 34.
fxe4 b6 35. Bxb6 Ng7 36. Rg1 Kf7 37. Bc5 Ng6 38. Bxa6 Rcd8 39. Be2 Nf4 40. Bf1
Nd3+ 41. Bxd3 Rxd3 42. Be3 Rd7 43. Bh6 Kf8 44. Rgxg7 Rdxg7 45. Rxg7 1-0

[Event "FIDE Open A - Konik"]
[Site "?"]
[Date "2013.05.04"]
[Round "7.5"]
[White "Miculka, Petr"]
[Black "Malík, Jan"]
[Result "1/2-1/2"]
[ECO "B50"]
[WhiteElo "2018"]
[BlackElo "2265"]
[PlyCount "58"]
[EventDate "2013.??.??"]
[TimeControl "6000+815"]
[WhiteClock "0:06:09"]
[BlackClock "0:18:49"]

1. e4 c5 2. Nf3 d6 3. c3 Nf6 4. h3 Nbd7 5. Bd3 e6 6. Bc2 b6 7. O-O Be7 8. d4
Bb7 9. Re1 d5 10. e5 Ne4 11. Nbd2 Nxd2 12. Bxd2 Nb8 13. Rc1 Nc6 14. Be3 Rc8 15.
Qd2 cxd4 16. Bxd4 Na5 17. b3 Nc6 18. Bd3 Rc7 19. Rc2 Qc8 20. Nh2 O-O 21. Ng4
Ba6 22. Nf6+ Bxf6 23. exf6 Bxd3 24. Qxd3 Nxd4 25. Qxd4 gxf6 26. Qxf6 Qd8 27.
Qe5 Re8 28. Rd2 f6 29. Qh5 Rd7 1/2-1/2